Workbook
Name Chauffeurs: Salaires!$B$5:$B$74
Name OuiNon: Calculs!$C$47:$C$48
Name Permis: Calculs!$B$62:$B$65
Name remorques: Calculs!$C$50:$C$54

Sheet Calculs
E1: Calculateur prix de revient
F3: Date d'aujourd'hui: | G3: =TODAY() -> 41278
F4: Saison : | G4: =IF(AND(DATE(YEAR(G3),3,21)<=G3,DATE(YEAR(G3),6,21)>G3),"Printemps",IF(AND(DATE(YEAR(G3),6,21)<=G3,DATE(YEAR(G3),9,21)>G3),"Ete",IF(AND(DATE(YEAR(G3),9,21)<=G3,DATE(YEAR(G3),12,21)>G3),"Automne","Hiver"))) -> Hiver
B6: Informations générales | E6: Cumulatifs des coûts de revient
B8: Millage Moyen / semaine | C8: 2000
B9: Prix du carburant : | C9: ='[1]Prix essences par station'!$B$2 -> 1.1175789
B10: Type de remorque : | C10: B-train | E10: Salaire
B11: Millage total : | C11: 750 | E11: # emp. | F11: chauffeur | H11: taux mile | I11: taux hr régulier
B12: Millage US : | C12: 400 | E12: =VLOOKUP(F12,Salaires!$B$5:$U$74,20,FALSE) -> 3794 | F12: Berube Michel | H12: =VLOOKUP(F12,Salaires!$B$5:$U$74,18,FALSE) -> 0.536424 | I12: =VLOOKUP(F12,Salaires!$B$5:$V$74,21,FALSE) -> 20.8
B13: Camion à l'urée? : | C13: Oui
G14: Taux au miles : | H14: =H12*C11 -> 402.318
B15: Section salaire | G15: Taux à l'heure : | H15: =C28*I12 -> 20.8
G16: Prime US : | H16: =C12*(0.04*1.3) -> 20.8
B17: Nb de chargement (65$) : | G17: Revenus accessoires : | H17: =(C17*(65*1.3))+(C18*(45*1.3))+(C19*(30*1.3))+(C20*(22.5*1.3))+(C21*(15*1.3))+(C22*(75*1.3))+(C23*(50*1.3))+(C24*(120*1.3))+(C25*(10*1.3))+(C26*(5*1.3)) -> 97.5
B18: Nb de chargement (45$) : | H18: =SUM(H14:H17) -> 541.418 | I18: =H18 -> 541.418
B19: Nb de chargement (30$) : | E19: Carburant
B20: Nb de chargement (22,5$) :
B21: Nb de chargement (15$) : | G21: Dépense de Fuel : | H21: =C11/C59*C9 -> 832.67242
B22: Nb de 1/2 Lay Over (75$): | C22: 1 | G22: Dépense d'Urée : | H22: =IF(C13="Oui",C11*0.019*0.7,0) -> 9.975
B23: Nb de 1/4 Lay Over (50$): | H23: =SUM(H21:H22) -> 842.64742 | I23: =H23 -> 842.64742
B24: Nb de Lay Over (120$): | E24: Équipements
B25: Nb de Rack (10$): | G25: Camion : | H25: =Informations!B13/Calculs!C8*Calculs!C11 -> 233.65385
B26: Nb de Switch (5$): | G26: Remorque : | H26: =IF(C10="B-train",C11*Informations!B20,C11*Informations!B27) -> 45.672448
B28: Nb hr attente/manœuvre | C28: 1
B30: Info. supplémentaires
B32: Nb hr de shuntage : | C32: 4
B33: Permis :
B34: Permis :
B35: Permis :
B36: Ponts :
B37: Ponts :
B38: Ponts :
B39: Homme de cours :
B40: Autres :
B44: dernière mise-à-jour: | C44: 41270
C47: Oui
C48: Non
C50: B-train
C51: FB 4 ess.
C55: B-train | D55: FB 4 ess.
B56: printemps | C56: =Informations!E5 -> 1.118466 | D56: =Informations!F5 -> 1.1619619 | E56: km / l
B57: été | C57: =Informations!E6 -> 1.2365263 | D57: =Informations!F6 -> 1.304877 | E57: km / l
B58: automne | C58: =Informations!E7 -> 1.118466 | D58: =Informations!F7 -> 1.1619619 | E58: km / l
B59: hiver | C59: =Informations!E8 -> 1.0066194 | D59: =Informations!F8 -> 1.0252605 | E59: km / l
B62: Permis NY | C62: 25
B63: Permis OH | C63: 65
B64: Permis IN | C64: 42
B65: Permis KY | C65: 60
B67: Blue water | C67: 29
B68: Embas BT | C68: 52.5
B69: Embas 4xx | C69: 36.75
B70: 1000 Isld 4xx | C70: 12.25
B71: 1000 Isld Btr | C71: 22
B72: Cornwall 4xx | C72: 17.55

Sheet Informations
A1: Carburant
A2: Consommation de carburant selon équipement et saison
B4: BT | C4: FB
A5: printemps | B5: 1.8 | C5: 1.87 | D5: km/l | E5: =B5*0.62137 -> 1.118466 | F5: =C5*0.62137 -> 1.1619619 | G5: m/l
A6: été | B6: 1.99 | C6: 2.1 | D6: km/l | E6: =B6*0.62137 -> 1.2365263 | F6: =C6*0.62137 -> 1.304877 | G6: m/l
A7: automne | B7: 1.8 | C7: 1.87 | D7: km/l | E7: =B7*0.62137 -> 1.118466 | F7: =C7*0.62137 -> 1.1619619 | G7: m/l
A8: hiver | B8: 1.62 | C8: 1.65 | D8: km/l | E8: =B8*0.62137 -> 1.0066194 | F8: =C8*0.62137 -> 1.0252605 | G8: m/l
A10: Coût des équipements
A12: Camion | B12: 2700 | C12: / mois
B13: =B12*12/52 -> 623.07692 | C13: / semaine
A15: B-Train | B15: Tous
A16: Coûts : | B16: 13062.32 | C16: / mois
B17: =B16*12/52 -> 3014.3815 | C17: / semaine
A18: Millage moy. | B18: =D18/26 -> 49472.523 | D18: =2070080*0.62137 -> 1286285.6 | E18: miles en mois de juillet à décembre
A19: arrondie : | B19: =MROUND(B18,500) -> 49500
B20: =B17/B19 -> 0.060896597 | C20: / miles
A22: Flat Bed
A23: Coûts : | B23: 11574.24 | C23: / mois
B24: =B23*12/52 -> 2670.9785 | C24: / semaine
A25: Millage moy. | B25: =D25/26 -> 35088.071 | D25: =1468191*0.62137 -> 912289.84 | E25: miles en mois de juillet à décembre
A26: arrondie : | B26: =MROUND(B25,500) -> 35000
B27: =B24/B26 -> 0.07631367 | C27: / miles
A29: Entretien
A31: Camion

Sheet Salaires
A1: CHAUFFEURS
H2: AS.CH | I2: R.R.Q. | J2: F.S.S. | K2: R.Q.A.P | L2: REPAS | M2: CNT | N2: FORM. | O2: C.S.S.T. | P2: ASS. GR. | Q2: VET. | R2: Congé | S2: Total
A3: NO | B3: NOM | C3: Taux Miles | D3: Hrs Wide | E3: taux / hrs | F3: % de vacance | G3: taux miles avec vacances | H3: 0.02128 | I3: 0.051 | J3: 0.0426 | K3: 0.00782 | L3: 0.055 | M3: 0.0008 | N3: 0.01 | O3: 0.0575 | P3: 0.02 | Q3: 700$ 2 aNS | R3: Fériés (10) | S3: Coût / mile
U4: # emp. | V4: taux hr av. ben marg
A5: 3807 | B5: Aubry François | C5: 0.335 | E5: 14 | F5: 0.04 | G5: 0.3484 | H5: 0.007413952 | I5: 0.0177684 | J5: 0.01484184 | K5: 0.002724488 | L5: 0.0572 | M5: 0.00027872 | N5: 0.003484 | O5: 0.020033 | P5: 0.02 | Q5: 0.0067 | R5: 0.019 | S5: 0.5178444 | T5: 0.54580418 | U5: 3807 | V5: =E5*1.3 -> 18.2
A6: 3802 | B6: Bergeron Johnny | C6: 0.315 | D6: 18 | E6: 18 | F6: 0.04 | G6: 0.3276 | H6: 0.006971328 | I6: 0.0167076 | J6: 0.01395576 | K6: 0.002561832 | L6: 0.0572 | M6: 0.00026208 | N6: 0.003276 | O6: 0.018837 | P6: 0.02 | Q6: 0.0067 | R6: 0.019 | S6: 0.4930716 | T6: 0.56530667 | U6: 3802 | V6: =E6*1.3 -> 23.4
A7: 3400 | B7: Bernard Boudreault | C7: 0.355 | E7: 24.48 | F7: 0.06 | G7: 0.3763 | H7: 0.008007664 | I7: 0.0191913 | J7: 0.01603038 | K7: 0.002942666 | L7: 0.0206965 | M7: 0.00030104 | N7: 0.003763 | O7: 0.02163725 | P7: 0.02 | Q7: 0.0067 | R7: 0.019 | S7: 0.5145698 | T7: 0.44949239 | U7: 3400 | V7: =E7*1.3 -> 31.824
A8: 3794 | B8: Berube Michel | C8: 0.35 | E8: 16 | F8: 0.04 | G8: 0.364 | H8: 0.00774592 | I8: 0.018564 | J8: 0.0155064 | K8: 0.00284648 | L8: 0.0572 | M8: 0.0002912 | N8: 0.00364 | O8: 0.02093 | P8: 0.02 | Q8: 0.0067 | R8: 0.019 | S8: 0.536424 | T8: 0.53264 | U8: 3794 | V8: =E8*1.3 -> 20.8
A9: 3671 | B9: Blagdon Jessie | C9: 0.335 | D9: 17.68 | E9: 14 | F9: 0.04 | G9: 0.3484 | H9: 0.007413952 | I9: 0.0177684 | J9: 0.01484184 | K9: 0.002724488 | L9: 0.0572 | M9: 0.00027872 | N9: 0.003484 | O9: 0.020033 | P9: 0.02 | Q9: 0.0067 | R9: 0.019 | S9: 0.5178444 | T9: 0.54580418 | U9: 3671 | V9: =E9*1.3 -> 18.2
A10: 3688 | B10: Boivin Sylvain | C10: 0.315 | D10: 17.37 | E10: 13.25 | F10: 0.04 | G10: 0.3276 | H10: 0.006971328 | I10: 0.0167076 | J10: 0.01395576 | K10: 0.002561832 | L10: 0.0572 | M10: 0.00026208 | N10: 0.003276 | O10: 0.018837 | P10: 0.02 | Q10: 0.0067 | R10: 0.019 | S10: 0.4930716 | T10: 0.56530667 | U10: 3688 | V10: =E10*1.3 -> 17.225
A11: 3808 | B11: Bonsant Guillaume | C11: 0.34 | E11: 14 | F11: 0.04 | G11: 0.3536 | H11: 0.007524608 | I11: 0.0180336 | J11: 0.01506336 | K11: 0.002765152 | L11: 0.0572 | M11: 0.00028288 | N11: 0.003536 | O11: 0.020332 | P11: 0.02 | Q11: 0.0067 | R11: 0.019 | S11: 0.5240376 | T11: 0.54128706 | U11: 3808 | V11: =E11*1.3 -> 18.2
A12: 3227 | B12: Bouchard Louis | C12: 0.36 | E12: 14.85 | F12: 0.09 | G12: 0.3924 | H12: 0.008350272 | I12: 0.0200124 | J12: 0.01671624 | K12: 0.003068568 | L12: 0.05995 | M12: 0.00031392 | N12: 0.003924 | O12: 0.022563 | P12: 0.02 | Q12: 0.0067 | R12: 0.019 | S12: 0.5729984 | T12: 0.59166222 | U12: 3227 | V12: =E12*1.3 -> 19.305
A13: 3789 | B13: Boucher Luc | C13: 0.335 | E13: 13.65 | F13: 0.04 | G13: 0.3484 | H13: 0.007413952 | I13: 0.0177684 | J13: 0.01484184 | K13: 0.002724488 | L13: 0.0572 | M13: 0.00027872 | N13: 0.003484 | O13: 0.020033 | P13: 0.02 | Q13: 0.0067 | R13: 0.019 | S13: 0.5178444 | T13: 0.54580418 | U13: 3789 | V13: =E13*1.3 -> 17.745
A14: 1504 | B14: Boucher Maxime | C14: 0.36 | E14: 14.85 | F14: 0.09 | G14: 0.3924 | H14: 0.008350272 | I14: 0.0200124 | J14: 0.01671624 | K14: 0.003068568 | L14: 0.05995 | M14: 0.00031392 | N14: 0.003924 | O14: 0.022563 | P14: 0.02 | Q14: 0.0067 | R14: 0.019 | S14: 0.5729984 | T14: 0.59166222 | U14: 1504 | V14: =E14*1.3 -> 19.305
A15: 651 | B15: Brisson Paul-René | C15: 0.36 | E15: 14.85 | F15: 0.09 | G15: 0.3924 | H15: 0.008350272 | I15: 0.0200124 | J15: 0.01671624 | K15: 0.003068568 | L15: 0.05995 | M15: 0.00031392 | N15: 0.003924 | O15: 0.022563 | P15: 0.02 | Q15: 0.0067 | R15: 0.019 | S15: 0.5729984 | T15: 0.59166222 | U15: 651 | V15: =E15*1.3 -> 19.305
A16: 3691 | B16: Castonguay Tommy | C16: 0.315 | D16: 18 | E16: 16 | F16: 0.04 | G16: 0.3276 | H16: 0.006971328 | I16: 0.0167076 | J16: 0.01395576 | K16: 0.002561832 | L16: 0.0572 | M16: 0.00026208 | N16: 0.003276 | O16: 0.018837 | P16: 0.02 | Q16: 0.0067 | R16: 0.019 | S16: 0.4930716 | T16: 0.56530667 | U16: 3691 | V16: =E16*1.3 -> 20.8
A17: 3522 | B17: Claveau Francis | C17: 0.335 | D17: 20 | E17: 20 | F17: 0.06 | G17: 0.3551 | H17: 0.007556528 | I17: 0.0181101 | J17: 0.01512726 | K17: 0.002776882 | L17: 0.0583 | M17: 0.00028408 | N17: 0.003551 | O17: 0.02041825 | P17: 0.02 | Q17: 0.0067 | R17: 0.019 | S17: 0.5269241 | T17: 0.57290776 | U17: 3522 | V17: =E17*1.3 -> 26
A18: 3647 | B18: Côté Pierre Luc | C18: 0.347 | D18: 18 | E18: 18 | F18: 0.06 | G18: 0.36782 | H18: 0.0078272096 | I18: 0.01875882 | J18: 0.015669132 | K18: 0.0028763524 | L18: 0.0583 | M18: 0.000294256 | N18: 0.0036782 | O18: 0.02114965 | P18: 0.02 | Q18: 0.0067 | R18: 0.019 | S18: 0.54207362 | T18: 0.56217182 | U18: 3647 | V18: =E18*1.3 -> 23.4
A19: 3755 | B19: Côté Serge | C19: 0.325 | D19: 18 | E19: 14 | F19: 0.04 | G19: 0.338 | H19: 0.00719264 | I19: 0.017238 | J19: 0.0143988 | K19: 0.00264316 | L19: 0.01859 | M19: 0.0002704 | N19: 0.00338 | O19: 0.019435 | P19: 0.02 | Q19: 0.0067 | R19: 0.019 | S19: 0.466848 | T19: 0.43645538 | U19: 3755 | V19: =E19*1.3 -> 18.2
A20: 3634 | B20: Dallaire Kathy | C20: 0.335 | D20: 18 | E20: 13.65 | F20: 0.04 | G20: 0.3484 | H20: 0.007413952 | I20: 0.0177684 | J20: 0.01484184 | K20: 0.002724488 | L20: 0.0572 | M20: 0.00027872 | N20: 0.003484 | O20: 0.020033 | P20: 0.02 | Q20: 0.0067 | R20: 0.019 | S20: 0.5178444 | T20: 0.54580418 | U20: 3634 | V20: =E20*1.3 -> 17.745
A21: 3812 | B21: Dube Jocelyn | C21: 0.325 | E21: 14 | F21: 0.04 | G21: 0.338 | H21: 0.00719264 | I21: 0.017238 | J21: 0.0143988 | K21: 0.00264316 | L21: 0.0572 | M21: 0.0002704 | N21: 0.00338 | O21: 0.019435 | P21: 0.02 | Q21: 0.0067 | R21: 0.019 | S21: 0.505458 | T21: 0.55525538 | U21: 3812 | V21: =E21*1.3 -> 18.2
A22: 3803 | B22: Dubois Luc | C22: 0.34 | E22: 14.5 | F22: 0.04 | G22: 0.3536 | H22: 0.007524608 | I22: 0.0180336 | J22: 0.01506336 | K22: 0.002765152 | L22: 0.0572 | M22: 0.00028288 | N22: 0.003536 | O22: 0.020332 | P22: 0.02 | Q22: 0.0067 | R22: 0.019 | S22: 0.5240376 | T22: 0.54128706 | U22: 3803 | V22: =E22*1.3 -> 18.85
A23: 3520 | B23: Dumont Jacques | C23: 0.335 | E23: 14 | F23: 0.06 | G23: 0.3551 | H23: 0.007556528 | I23: 0.0181101 | J23: 0.01512726 | K23: 0.002776882 | L23: 0.0583 | M23: 0.00028408 | N23: 0.003551 | O23: 0.02041825 | P23: 0.02 | Q23: 0.0067 | R23: 0.019 | S23: 0.5269241 | T23: 0.57290776 | U23: 3520 | V23: =E23*1.3 -> 18.2
A24: 3763 | B24: Emmanuel Roland | C24: 0.335 | E24: 20 | F24: 0.06 | G24: 0.3551 | H24: 0.007556528 | I24: 0.0181101 | J24: 0.01512726 | K24: 0.002776882 | L24: 0.0583 | M24: 0.00028408 | N24: 0.003551 | O24: 0.02041825 | P24: 0.02 | Q24: 0.0067 | R24: 0.019 | S24: 0.5269241 | T24: 0.57290776 | U24: 3763 | V24: =E24*1.3 -> 26
A25: 3762 | B25: Fillion Coté Francois | C25: 0.325 | D25: 18 | E25: 18 | F25: 0.04 | G25: 0.338 | H25: 0.00719264 | I25: 0.017238 | J25: 0.0143988 | K25: 0.00264316 | L25: 0.0572 | M25: 0.0002704 | N25: 0.00338 | O25: 0.019435 | P25: 0.02 | Q25: 0.0067 | R25: 0.019 | S25: 0.505458 | T25: 0.55525538 | U25: 3762 | V25: =E25*1.3 -> 23.4
A26: 3797 | B26: Forgues Steves | C26: 0.34 | E26: 16 | F26: 0.04 | G26: 0.3536 | H26: 0.007524608 | I26: 0.0180336 | J26: 0.01506336 | K26: 0.002765152 | L26: 0.0572 | M26: 0.00028288 | N26: 0.003536 | O26: 0.020332 | P26: 0.02 | Q26: 0.0067 | R26: 0.019 | S26: 0.5240376 | T26: 0.54128706 | U26: 3797 | V26: =E26*1.3 -> 20.8
A27: 537 | B27: Fortin Denis | C27: 0.36 | E27: 14.85 | F27: 0.09 | G27: 0.3924 | H27: 0.008350272 | I27: 0.0200124 | J27: 0.01671624 | K27: 0.003068568 | L27: 0.05995 | M27: 0.00031392 | N27: 0.003924 | O27: 0.022563 | P27: 0.02 | Q27: 0.0067 | R27: 0.019 | S27: 0.5729984 | T27: 0.59166222 | U27: 537 | V27: =E27*1.3 -> 19.305
A28: 3811 | B28: Fortin Marc-Etienne | E28: 16 | F28: 0.04 | G28: 0 | H28: 0 | I28: 0 | J28: 0 | K28: 0 | L28: 0.0572 | M28: 0 | N28: 0 | O28: 0 | P28: 0.02 | Q28: 0.0067 | R28: 0.019 | S28: 0.1029 | U28: 3811 | V28: =E28*1.3 -> 20.8
A29: 3820 | B29: Gagné Alexandre | C29: 0.325 | E29: 14 | F29: 0.04 | G29: 0.338 | H29: 0.00719264 | I29: 0.017238 | J29: 0.0143988 | K29: 0.00264316 | L29: 0.0572 | M29: 0.0002704 | N29: 0.00338 | O29: 0.019435 | P29: 0.02 | Q29: 0.0067 | R29: 0.019 | S29: 0.505458 | T29: 0.55525538 | U29: 3820 | V29: =E29*1.3 -> 18.2
A30: 3743 | B30: Gagné André | C30: 0.345 | D30: 17.37 | E30: 14.5 | F30: 0.04 | G30: 0.3588 | H30: 0.007635264 | I30: 0.0182988 | J30: 0.01528488 | K30: 0.002805816 | L30: 0.0572 | M30: 0.00028704 | N30: 0.003588 | O30: 0.020631 | P30: 0.02 | Q30: 0.0067 | R30: 0.019 | S30: 0.5302308 | T30: 0.53690087 | U30: 3743 | V30: =E30*1.3 -> 18.85
A31: 3814 | B31: Gagné Roger | E31: 17 | F31: 0.04 | G31: 0 | H31: 0 | I31: 0 | J31: 0 | K31: 0 | L31: 0.0572 | M31: 0 | N31: 0 | O31: 0 | P31: 0.02 | Q31: 0.0067 | R31: 0.019 | S31: 0.1029 | U31: 3814 | V31: =E31*1.3 -> 22.1
A32: 3501 | B32: Gagnon Guy | C32: 0.335 | D32: 18 | E32: 18 | F32: 0.06 | G32: 0.3551 | H32: 0.007556528 | I32: 0.0181101 | J32: 0.01512726 | K32: 0.002776882 | L32: 0.0583 | M32: 0.00028408 | N32: 0.003551 | O32: 0.02041825 | P32: 0.02 | Q32: 0.0067 | R32: 0.019 | S32: 0.5269241 | T32: 0.57290776 | U32: 3501 | V32: =E32*1.3 -> 23.4
A33: 3750 | B33: Gareau Louis | C33: 0.335 | D33: 17.37 | E33: 14.5 | F33: 0.04 | G33: 0.3484 | H33: 0.007413952 | I33: 0.0177684 | J33: 0.01484184 | K33: 0.002724488 | L33: 0.0572 | M33: 0.00027872 | N33: 0.003484 | O33: 0.020033 | P33: 0.02 | Q33: 0.0067 | R33: 0.019 | S33: 0.5178444 | T33: 0.54580418 | U33: 3750 | V33: =E33*1.3 -> 18.85
A34: 3539 | B34: Garneau Jonathan | C34: 0.335 | D34: 20 | E34: 20 | F34: 0.06 | G34: 0.3551 | H34: 0.007556528 | I34: 0.0181101 | J34: 0.01512726 | K34: 0.002776882 | L34: 0.0583 | M34: 0.00028408 | N34: 0.003551 | O34: 0.02041825 | P34: 0.02 | Q34: 0.0067 | R34: 0.019 | S34: 0.5269241 | T34: 0.57290776 | U34: 3539 | V34: =E34*1.3 -> 26
A35: 3256 | B35: Gaudreault Mario | C35: 0.36 | E35: 14.85 | F35: 0.08 | G35: 0.3888 | H35: 0.008273664 | I35: 0.0198288 | J35: 0.01656288 | K35: 0.003040416 | L35: 0.0594 | M35: 0.00031104 | N35: 0.003888 | O35: 0.022356 | P35: 0.02 | Q35: 0.0067 | R35: 0.019 | S35: 0.5681608 | T35: 0.57822444 | U35: 3256 | V35: =E35*1.3 -> 19.305
A36: 3656 | B36: Gauthier Michel | C36: 0.325 | D36: 17.68 | E36: 13.25 | F36: 0.04 | G36: 0.338 | H36: 0.00719264 | I36: 0.017238 | J36: 0.0143988 | K36: 0.00264316 | L36: 0.0572 | M36: 0.0002704 | N36: 0.00338 | O36: 0.019435 | P36: 0.02 | Q36: 0.0067 | R36: 0.019 | S36: 0.505458 | T36: 0.55525538 | U36: 3656 | V36: =E36*1.3 -> 17.225
A37: 3678 | B37: Gilbert Alan | C37: 0.335 | D37: 18 | E37: 18 | F37: 0.04 | G37: 0.3484 | H37: 0.007413952 | I37: 0.0177684 | J37: 0.01484184 | K37: 0.002724488 | L37: 0.0572 | M37: 0.00027872 | N37: 0.003484 | O37: 0.020033 | P37: 0.02 | Q37: 0.0067 | R37: 0.019 | S37: 0.5178444 | T37: 0.54580418 | U37: 3678 | V37: =E37*1.3 -> 23.4
A38: 3737 | B38: Girard Dominique | C38: 0.305 | E38: 12.85 | F38: 0.04 | G38: 0.3172 | H38: 0.006750016 | I38: 0.0161772 | J38: 0.01351272 | K38: 0.002480504 | L38: 0.0572 | M38: 0.00025376 | N38: 0.003172 | O38: 0.018239 | P38: 0.02 | Q38: 0.0067 | R38: 0.019 | S38: 0.4806852 | T38: 0.57601705 | U38: 3737 | V38: =E38*1.3 -> 16.705
A39: 3821 | B39: Girard Étienne | G39: 0 | H39: 0 | I39: 0 | J39: 0 | K39: 0 | M39: 0 | N39: 0 | O39: 0 | U39: 3821 | V39: =E39*1.3 -> 0
A40: 3816 | B40: Houle Daniel | C40: 0.305 | E40: 13.65 | F40: 0.04 | G40: 0.3172 | H40: 0.006750016 | I40: 0.0161772 | J40: 0.01351272 | K40: 0.002480504 | L40: 0.0572 | M40: 0.00025376 | N40: 0.003172 | O40: 0.018239 | P40: 0.02 | Q40: 0.0067 | R40: 0.019 | S40: 0.4806852 | T40: 0.57601705 | U40: 3816 | V40: =E40*1.3 -> 17.745
A41: 3742 | B41: Issa Alex | C41: 0.32 | D41: 17.68 | E41: 15 | F41: 0.04 | G41: 0.3328 | H41: 0.007081984 | I41: 0.0169728 | J41: 0.01417728 | K41: 0.002602496 | L41: 0.0572 | M41: 0.00026624 | N41: 0.003328 | O41: 0.019136 | P41: 0.02 | Q41: 0.0067 | R41: 0.019 | S41: 0.4992648 | T41: 0.5602025 | U41: 3742 | V41: =E41*1.3 -> 19.5
A42: 3168 | B42: Lachance Eloi | C42: 0.36 | E42: 14 | F42: 0.09 | G42: 0.3924 | H42: 0.008350272 | I42: 0.0200124 | J42: 0.01671624 | K42: 0.003068568 | L42: 0.05995 | M42: 0.00031392 | N42: 0.003924 | O42: 0.022563 | P42: 0.02 | Q42: 0.0067 | R42: 0.019 | S42: 0.5729984 | T42: 0.59166222 | U42: 3168 | V42: =E42*1.3 -> 18.2
A43: 3404 | B43: Laflamme Marc | C43: 0.337 | E43: 14 | F43: 0.06 | G43: 0.35722 | H43: 0.0076016416 | I43: 0.01821822 | J43: 0.015217572 | K43: 0.0027934604 | L43: 0.0583 | M43: 0.000285776 | N43: 0.0035722 | O43: 0.02054015 | P43: 0.02 | Q43: 0.0067 | R43: 0.019 | S43: 0.52944902 | T43: 0.57106534 | U43: 3404 | V43: =E43*1.3 -> 18.2
A44: 3788 | B44: Lafleur Patrick | C44: 0.35 | D44: 17 | E44: 17 | F44: 0.04 | G44: 0.364 | H44: 0.00774592 | I44: 0.018564 | J44: 0.0155064 | K44: 0.00284648 | L44: 0.0572 | M44: 0.0002912 | N44: 0.00364 | O44: 0.02093 | P44: 0.02 | Q44: 0.0067 | R44: 0.019 | S44: 0.536424 | T44: 0.53264 | U44: 3788 | V44: =E44*1.3 -> 22.1
A45: 3203 | B45: Lagacé Bernard | C45: 0.36 | E45: 14.85 | F45: 0.09 | G45: 0.3924 | H45: 0.008350272 | I45: 0.0200124 | J45: 0.01671624 | K45: 0.003068568 | L45: 0.05995 | M45: 0.00031392 | N45: 0.003924 | O45: 0.022563 | P45: 0.02 | Q45: 0.0067 | R45: 0.019 | S45: 0.5729984 | T45: 0.59166222 | U45: 3203 | V45: =E45*1.3 -> 19.305
A46: 3767 | B46: Lapointe Pascal | C46: 0.325 | E46: 14 | F46: 0.04 | G46: 0.338 | H46: 0.00719264 | I46: 0.017238 | J46: 0.0143988 | K46: 0.00264316 | L46: 0.0572 | M46: 0.0002704 | N46: 0.00338 | O46: 0.019435 | P46: 0.02 | Q46: 0.0067 | R46: 0.019 | S46: 0.505458 | T46: 0.55525538 | U46: 3767 | V46: =E46*1.3 -> 18.2
A47: 3791 | B47: Lavoie Jean-François | C47: 0.285 | D47: 17.71 | E47: 16 | F47: 0.04 | G47: 0.2964 | H47: 0.006307392 | I47: 0.0151164 | J47: 0.01262664 | K47: 0.002317848 | L47: 0.0572 | M47: 0.00023712 | N47: 0.002964 | O47: 0.017043 | P47: 0.02 | Q47: 0.0067 | R47: 0.019 | S47: 0.4559124 | T47: 0.59969263 | U47: 3791 | V47: =E47*1.3 -> 20.8
A48: 3784 | B48: Lavoie Martin | C48: 0.305 | D48: 17.68 | E48: 13.5 | F48: 0.04 | G48: 0.3172 | H48: 0.006750016 | I48: 0.0161772 | J48: 0.01351272 | K48: 0.002480504 | L48: 0.0572 | M48: 0.00025376 | N48: 0.003172 | O48: 0.018239 | P48: 0.02 | Q48: 0.0067 | R48: 0.019 | S48: 0.4806852 | T48: 0.57601705 | U48: 3784 | V48: =E48*1.3 -> 17.55
A49: 488 | B49: Lecours Léopold | C49: 0.36 | E49: 14.85 | F49: 0.11 | G49: 0.3996 | H49: 0.008503488 | I49: 0.0203796 | J49: 0.01702296 | K49: 0.003124872 | L49: 0.06105 | M49: 0.00031968 | N49: 0.003996 | O49: 0.022977 | P49: 0.02 | Q49: 0.0067 | R49: 0.019 | S49: 0.5826736 | T49: 0.61853778 | U49: 488 | V49: =E49*1.3 -> 19.305
A50: 565 | B50: Lessard Pierre | C50: 0.36 | E50: 14.85 | F50: 0.09 | G50: 0.3924 | H50: 0.008350272 | I50: 0.0200124 | J50: 0.01671624 | K50: 0.003068568 | L50: 0.05995 | M50: 0.00031392 | N50: 0.003924 | O50: 0.022563 | P50: 0.02 | Q50: 0.0067 | R50: 0.019 | S50: 0.5729984 | T50: 0.59166222 | U50: 565 | V50: =E50*1.3 -> 19.305
A51: 3773 | B51: Levesque Dany | C51: 0.355 | D51: 17.37 | E51: 14 | F51: 0.04 | G51: 0.3692 | H51: 0.007856576 | I51: 0.0188292 | J51: 0.01572792 | K51: 0.002887144 | L51: 0.0572 | M51: 0.00029536 | N51: 0.003692 | O51: 0.021229 | P51: 0.02 | Q51: 0.0067 | R51: 0.019 | S51: 0.5426172 | T51: 0.52849915 | U51: 3773 | V51: =E51*1.3 -> 18.2
A52: 3800 | B52: Levesque Marc-André | C52: 0.34 | E52: 16 | F52: 0.04 | G52: 0.3536 | H52: 0.007524608 | I52: 0.0180336 | J52: 0.01506336 | K52: 0.002765152 | L52: 0.0572 | M52: 0.00028288 | N52: 0.003536 | O52: 0.020332 | P52: 0.02 | Q52: 0.0067 | R52: 0.019 | S52: 0.5240376 | T52: 0.54128706 | U52: 3800 | V52: =E52*1.3 -> 20.8
A53: 3705 | B53: Marchand Stephane | C53: 0.345 | E53: 14.5 | F53: 0.04 | G53: 0.3588 | H53: 0.007635264 | I53: 0.0182988 | J53: 0.01528488 | K53: 0.002805816 | L53: 0.0572 | M53: 0.00028704 | N53: 0.003588 | O53: 0.020631 | P53: 0.02 | Q53: 0.0067 | R53: 0.019 | S53: 0.5302308 | T53: 0.53690087 | U53: 3705 | V53: =E53*1.3 -> 18.85
A54: 3772 | B54: Minier Pierre-Luc | C54: 0.325 | D54: 18 | E54: 18 | F54: 0.04 | G54: 0.338 | H54: 0.00719264 | I54: 0.017238 | J54: 0.0143988 | K54: 0.00264316 | L54: 0.0572 | M54: 0.0002704 | N54: 0.00338 | O54: 0.019435 | P54: 0.02 | Q54: 0.0067 | R54: 0.019 | S54: 0.505458 | T54: 0.55525538 | U54: 3772 | V54: =E54*1.3 -> 23.4
A55: 556 | B55: Miville Bruno | C55: 0.36 | E55: 14.85 | F55: 0.09 | G55: 0.3924 | H55: 0.008350272 | I55: 0.0200124 | J55: 0.01671624 | K55: 0.003068568 | L55: 0.05995 | M55: 0.00031392 | N55: 0.003924 | O55: 0.022563 | P55: 0.02 | Q55: 0.0067 | R55: 0.019 | S55: 0.5729984 | T55: 0.59166222 | U55: 556 | V55: =E55*1.3 -> 19.305
A56: 3605 | B56: Nicolas-Piché Lecours | C56: 0.335 | E56: 20.4 | F56: 0.06 | G56: 0.3551 | H56: 0.007556528 | I56: 0.0181101 | J56: 0.01512726 | K56: 0.002776882 | L56: 0.0583 | M56: 0.00028408 | N56: 0.003551 | O56: 0.02041825 | P56: 0.02 | Q56: 0.0067 | R56: 0.019 | S56: 0.5269241 | T56: 0.57290776 | U56: 3605 | V56: =E56*1.3 -> 26.52
A57: 3589 | B57: Noël Marc-André | C57: 0.335 | E57: 14 | F57: 0.04 | G57: 0.3484 | H57: 0.007413952 | I57: 0.0177684 | J57: 0.01484184 | K57: 0.002724488 | L57: 0.0572 | M57: 0.00027872 | N57: 0.003484 | O57: 0.020033 | P57: 0.02 | Q57: 0.0067 | R57: 0.019 | S57: 0.5178444 | T57: 0.54580418 | U57: 3589 | V57: =E57*1.3 -> 18.2
A58: 3174 | B58: Patry Pierre | C58: 0.36 | E58: 14.85 | F58: 0.09 | G58: 0.3924 | H58: 0.008350272 | I58: 0.0200124 | J58: 0.01671624 | K58: 0.003068568 | L58: 0.05995 | M58: 0.00031392 | N58: 0.003924 | O58: 0.022563 | P58: 0.02 | Q58: 0.0067 | R58: 0.019 | S58: 0.5729984 | T58: 0.59166222 | U58: 3174 | V58: =E58*1.3 -> 19.305
A59: 3127 | B59: Perron Marc | C59: 0.36 | E59: 14.85 | F59: 0.09 | G59: 0.3924 | H59: 0.008350272 | I59: 0.0200124 | J59: 0.01671624 | K59: 0.003068568 | L59: 0.05995 | M59: 0.00031392 | N59: 0.003924 | O59: 0.022563 | P59: 0.02 | Q59: 0.0067 | R59: 0.019 | S59: 0.5729984 | T59: 0.59166222 | U59: 3127 | V59: =E59*1.3 -> 19.305
A60: 3208 | B60: Perron Tony | C60: 0.36 | E60: 14.85 | F60: 0.09 | G60: 0.3924 | H60: 0.008350272 | I60: 0.0200124 | J60: 0.01671624 | K60: 0.003068568 | L60: 0.05995 | M60: 0.00031392 | N60: 0.003924 | O60: 0.022563 | P60: 0.02 | Q60: 0.0067 | R60: 0.019 | S60: 0.5729984 | T60: 0.59166222 | U60: 3208 | V60: =E60*1.3 -> 19.305
A61: 3780 | B61: Richard Corbeil | C61: 0.335 | E61: 14 | F61: 0.04 | G61: 0.3484 | H61: 0.007413952 | I61: 0.0177684 | J61: 0.01484184 | K61: 0.002724488 | L61: 0.0572 | M61: 0.00027872 | N61: 0.003484 | O61: 0.020033 | P61: 0.02 | Q61: 0.0067 | R61: 0.019 | S61: 0.5178444 | T61: 0.54580418 | U61: 3780 | V61: =E61*1.3 -> 18.2
A62: 3809 | B62: Riopel Jean-François | C62: 0.305 | E62: 12.85 | F62: 0.04 | G62: 0.3172 | H62: 0.006750016 | I62: 0.0161772 | J62: 0.01351272 | K62: 0.002480504 | L62: 0.0572 | M62: 0.00025376 | N62: 0.003172 | O62: 0.018239 | P62: 0.02 | Q62: 0.0067 | R62: 0.019 | S62: 0.4806852 | T62: 0.57601705 | U62: 3809 | V62: =E62*1.3 -> 16.705
A63: 3511 | B63: Rioux Yvon | C63: 0.347 | E63: 14 | F63: 0.04 | G63: 0.36088 | H63: 0.0076795264 | I63: 0.01840488 | J63: 0.015373488 | K63: 0.0028220816 | L63: 0.0572 | M63: 0.000288704 | N63: 0.0036088 | O63: 0.0207506 | P63: 0.02 | Q63: 0.0067 | R63: 0.019 | S63: 0.53270808 | T63: 0.53518179 | U63: 3511 | V63: =E63*1.3 -> 18.2
A64: 3818 | B64: Savoie Helene Marie | C64: 0.305 | E64: 14 | F64: 0.04 | G64: 0.3172 | H64: 0.006750016 | I64: 0.0161772 | J64: 0.01351272 | K64: 0.002480504 | L64: 0.0572 | M64: 0.00025376 | N64: 0.003172 | O64: 0.018239 | P64: 0.02 | Q64: 0.0067 | R64: 0.019 | S64: 0.4806852 | T64: 0.57601705 | U64: 3818 | V64: =E64*1.3 -> 18.2
A65: 3819 | B65: Scully Lafond Kym | C65: 0.325 | E65: 14 | F65: 0.04 | G65: 0.338 | H65: 0.00719264 | I65: 0.017238 | J65: 0.0143988 | K65: 0.00264316 | L65: 0.0572 | M65: 0.0002704 | N65: 0.00338 | O65: 0.019435 | P65: 0.02 | Q65: 0.0067 | R65: 0.019 | S65: 0.505458 | T65: 0.55525538 | U65: 3819 | V65: =E65*1.3 -> 18.2
A66: 3699 | B66: Simard Bernard | C66: 0.345 | E66: 14 | F66: 0.04 | G66: 0.3588 | H66: 0.007635264 | I66: 0.0182988 | J66: 0.01528488 | K66: 0.002805816 | L66: 0.0572 | M66: 0.00028704 | N66: 0.003588 | O66: 0.020631 | P66: 0.02 | Q66: 0.0067 | R66: 0.019 | S66: 0.5302308 | T66: 0.53690087 | U66: 3699 | V66: =E66*1.3 -> 18.2
A67: 3169 | B67: Siminski Daniel | C67: 0.36 | E67: 16 | F67: 0.09 | G67: 0.3924 | H67: 0.008350272 | I67: 0.0200124 | J67: 0.01671624 | K67: 0.003068568 | L67: 0.05995 | M67: 0.00031392 | N67: 0.003924 | O67: 0.022563 | P67: 0.02 | Q67: 0.0067 | R67: 0.019 | S67: 0.5729984 | T67: 0.59166222 | U67: 3169 | V67: =E67*1.3 -> 20.8
A68: 3815 | B68: Simon Amy | E68: 16 | F68: 0.04 | G68: 0 | H68: 0 | I68: 0 | J68: 0 | K68: 0 | L68: 0.0572 | M68: 0 | N68: 0 | O68: 0 | P68: 0.02 | Q68: 0.0067 | R68: 0.019 | S68: 0.1029 | U68: 3815 | V68: =E68*1.3 -> 20.8
A69: 3114 | B69: Steve Girard | C69: 0.36 | E69: 20.4 | F69: 0.09 | G69: 0.3924 | H69: 0.008350272 | I69: 0.0200124 | J69: 0.01671624 | K69: 0.003068568 | L69: 0.05995 | M69: 0.00031392 | N69: 0.003924 | O69: 0.022563 | P69: 0.02 | Q69: 0.0067 | R69: 0.019 | S69: 0.5729984 | T69: 0.59166222 | U69: 3114 | V69: =E69*1.3 -> 26.52
A70: 3271 | B70: Tremblay Alain | C70: 0.36 | E70: 14.85 | F70: 0.08 | G70: 0.3888 | H70: 0.008273664 | I70: 0.0198288 | J70: 0.01656288 | K70: 0.003040416 | L70: 0.0594 | M70: 0.00031104 | N70: 0.003888 | O70: 0.022356 | P70: 0.02 | Q70: 0.0067 | R70: 0.019 | S70: 0.5681608 | T70: 0.57822444 | U70: 3271 | V70: =E70*1.3 -> 19.305
A71: 3817 | B71: Tremblay Julie | E71: 16 | F71: 0.04 | G71: 0 | H71: 0 | I71: 0 | J71: 0 | K71: 0 | L71: 0.0572 | M71: 0 | N71: 0 | O71: 0 | P71: 0.02 | Q71: 0.0067 | R71: 0.019 | S71: 0.1029 | U71: 3817 | V71: =E71*1.3 -> 20.8
A72: 3462 | B72: Tremblay Normand | C72: 0.335 | E72: 14 | F72: 0.06 | G72: 0.3551 | H72: 0.007556528 | I72: 0.0181101 | J72: 0.01512726 | K72: 0.002776882 | L72: 0.0583 | M72: 0.00028408 | N72: 0.003551 | O72: 0.02041825 | P72: 0.02 | Q72: 0.0067 | R72: 0.019 | S72: 0.5269241 | T72: 0.57290776 | U72: 3462 | V72: =E72*1.3 -> 18.2
A73: 3778 | B73: Tsukerman Igor | C73: 0.345 | E73: 14 | F73: 0.04 | G73: 0.3588 | H73: 0.007635264 | I73: 0.0182988 | J73: 0.01528488 | K73: 0.002805816 | L73: 0.0572 | M73: 0.00028704 | N73: 0.003588 | O73: 0.020631 | P73: 0.02 | Q73: 0.0067 | R73: 0.019 | S73: 0.5302308 | T73: 0.53690087 | U73: 3778 | V73: =E73*1.3 -> 18.2
A74: 3713 | B74: Villeneuve Yan | C74: 0.305 | E74: 16.5 | F74: 0.04 | G74: 0.3172 | H74: 0.006750016 | I74: 0.0161772 | J74: 0.01351272 | K74: 0.002480504 | L74: 0.0572 | M74: 0.00025376 | N74: 0.003172 | O74: 0.018239 | P74: 0.02 | Q74: 0.0067 | R74: 0.019 | S74: 0.4806852 | T74: 0.57601705 | U74: 3713 | V74: =E74*1.3 -> 21.45
G75: 0 | H75: 0 | I75: 0 | J75: 0 | K75: 0 | M75: 0 | N75: 0 | O75: 0
U76: moy. Mile | V76: 0.52729377 | W76: mile
H77: AS.CH | I77: R.R.Q. | J77: F.S.S. | K77: R.Q.A.P | L77: CNT | M77: FORM. | N77: C.S.S.T. | O77: ASS. GR. | P77: VET. | Q77: Congé
A78: Shuntages / Villes / WL (HR) | E78: taux hrs | F78: % de vacance | G78: taux hrs avec vacances | H78: 0.02128 | I78: 0.0495 | J78: 0.0426 | K78: 0.00752 | L78: 0.0008 | M78: 0.01 | N78: 0.0586 | O78: 0.25 | P78: 700$ 2 aNS | Q78: Fériés (10) | R78: Taux/hrs
A79: 403 | B79: Tremblay Jean-Claude +wl | E79: 22.97 | F79: 0.12 | G79: 25.7264 | H79: 0.4888016 | I79: 1.137015 | J79: 0.978522 | K79: 0.1727344 | L79: 0.018376 | M79: 0.2297 | N79: 1.346042 | O79: 0.25 | P79: 0.17 | Q79: 0.73 | R79: 31.247591 | S79: 0.3603653
A80: 3508 | B80: Courtois Roger | E80: 20.25 | F80: 0.06 | G80: 21.465 | H80: 0.43092 | I80: 1.002375 | J80: 0.86265 | K80: 0.15228 | L80: 0.0162 | M80: 0.2025 | N80: 1.18665 | O80: 0.25 | P80: 0.17 | Q80: 0.73 | R80: 26.468575 | S80: 0.30709012
A81: 437 | B81: Séguin Paul-André 35 max | E81: 18.23 | F81: 0.11 | G81: 20.2353 | H81: 0.3879344 | I81: 0.902385 | J81: 0.776598 | K81: 0.1370896 | L81: 0.014584 | M81: 0.1823 | N81: 1.068278 | O81: 0.25 | P81: 0.17 | Q81: 0.73 | R81: 24.854469 | S81: 0.36338283
A82: 3501 | B82: Gagnon Guy | E82: 18 | F82: 0.06 | G82: 19.08 | H82: 0.38304 | I82: 0.891 | J82: 0.7668 | K82: 0.13536 | L82: 0.0144 | M82: 0.18 | N82: 1.0548 | O82: 0.25 | P82: 0.17 | Q82: 0.73 | R82: 23.6554 | S82: 0.31418889
A83: 3522 | B83: Claveau Francis | E83: 20 | F83: 0.06 | G83: 21.2 | H83: 0.4256 | I83: 0.99 | J83: 0.852 | K83: 0.1504 | L83: 0.016 | M83: 0.2 | N83: 1.172 | O83: 0.25 | P83: 0.17 | Q83: 0.73 | R83: 26.156 | S83: 0.3078
A84: 3539 | B84: Garneau Jonathan | E84: 20 | F84: 0.06 | G84: 21.2 | H84: 0.4256 | I84: 0.99 | J84: 0.852 | K84: 0.1504 | L84: 0.016 | M84: 0.2 | N84: 1.172 | O84: 0.25 | P84: 0.17 | Q84: 0.73 | R84: 26.156 | S84: 0.3078
A85: 3634 | B85: Dallaire Kathy | E85: 18 | F85: 0.04 | G85: 18.72 | H85: 0.38304 | I85: 0.891 | J85: 0.7668 | K85: 0.13536 | L85: 0.0144 | M85: 0.18 | N85: 1.0548 | O85: 0.25 | P85: 0.17 | Q85: 0.73 | R85: 23.2954 | S85: 0.29418889
A86: 3647 | B86: Côté Pierre Luc | E86: 18 | F86: 0.06 | G86: 19.08 | H86: 0.38304 | I86: 0.891 | J86: 0.7668 | K86: 0.13536 | L86: 0.0144 | M86: 0.18 | N86: 1.0548 | O86: 0.25 | P86: 0.17 | Q86: 0.73 | R86: 23.6554 | S86: 0.31418889
A87: 3656 | B87: Gauthier Michel | E87: 17.68 | F87: 0.04 | G87: 18.3872 | H87: 0.3762304 | I87: 0.87516 | J87: 0.753168 | K87: 0.1329536 | L87: 0.014144 | M87: 0.1768 | N87: 1.036048 | O87: 0.25 | P87: 0.17 | Q87: 0.73 | R87: 22.901704 | S87: 0.29534525
A88: 3671 | B88: Blagdon Jessie | E88: 17.68 | F88: 0.04 | G88: 18.3872 | H88: 0.3762304 | I88: 0.87516 | J88: 0.753168 | K88: 0.1329536 | L88: 0.014144 | M88: 0.1768 | N88: 1.036048 | O88: 0.25 | P88: 0.17 | Q88: 0.73 | R88: 22.901704 | S88: 0.29534525
A89: 3678 | B89: Gilbert Alan | E89: 18 | F89: 0.04 | G89: 18.72 | H89: 0.38304 | I89: 0.891 | J89: 0.7668 | K89: 0.13536 | L89: 0.0144 | M89: 0.18 | N89: 1.0548 | O89: 0.25 | P89: 0.17 | Q89: 0.73 | R89: 23.2954 | S89: 0.29418889
A90: 3688 | B90: Boivin Sylvain | E90: 17.37 | F90: 0.04 | G90: 18.0648 | H90: 0.3696336 | I90: 0.859815 | J90: 0.739962 | K90: 0.1306224 | L90: 0.013896 | M90: 0.1737 | N90: 1.017882 | O90: 0.25 | P90: 0.17 | Q90: 0.73 | R90: 22.520311 | S90: 0.2965061
... A101: 3791 | B101: Jean-François Lavoie | E101: 17.71 | F101: 0.04 | G101: 18.4184 | H101: 0.3768688 | I101: 0.876645 | J101: 0.754446 | K101: 0.1331792 | L101: 0.014168 | M101: 0.1771 | N101: 1.037806 | O101: 0.25 | P101: 0.17 | Q101: 0.73 | R101: 22.938613 | S101: 0.29523506
A102: 3802 | B102: Johnny Bergeron | E102: 18 | F102: 0.04 | G102: 18.72 | H102: 0.38304 | I102: 0.891 | J102: 0.7668 | K102: 0.13536 | L102: 0.0144 | M102: 0.18 | N102: 1.0548 | O102: 0.25 | P102: 0.17 | Q102: 0.73 | R102: 23.2954 | S102: 0.29418889 | V102: moyenne à l'heure | W102: 23.831375
A106: Escortes | E106: taux hrs
A107: 566 | B107: Larouche Robin (escorte) | E107: 15.79 | F107: 0.085 | G107: 17.13215 | H107: 0.3360112 | I107: 0.781605 | J107: 0.672654 | K107: 0.1187408 | L107: 0.012632 | M107: 0.1579 | N107: 0.925294 | O107: 0.25 | P107: 0.17 | Q107: 0.73 | R107: 21.286987 | S107: 0.34813091
A108: 1586 | B108: Roger Blackburn | E108: 13 | F108: 0.04 | G108: 13.52 | H108: 0.27664 | I108: 0.6435 | J108: 0.5538 | K108: 0.09776 | L108: 0.0104 | M108: 0.13 | N108: 0.7618 | O108: 0.25 | P108: 0.17 | Q108: 0.73 | R108: 17.1439 | S108: 0.31876154
A109: 1606 | B109: Gagnon Jean Yves | E109: 13 | F109: 0.04 | G109: 13.52 | H109: 0.27664 | I109: 0.6435 | J109: 0.5538 | K109: 0.09776 | L109: 0.0104 | M109: 0.13 | N109: 0.7618 | O109: 0.25 | P109: 0.17 | Q109: 0.73 | R109: 17.1439 | S109: 0.31876154
A110: 1612 | B110: Tremblay Yvon | E110: 13 | F110: 0.04 | G110: 13.52 | H110: 0.27664 | I110: 0.6435 | J110: 0.5538 | K110: 0.09776 | L110: 0.0104 | M110: 0.13 | N110: 0.7618 | O110: 0.25 | P110: 0.17 | Q110: 0.73 | R110: 17.1439 | S110: 0.31876154
A111: 1650 | B111: Hudon Dave | E111: 13 | F111: 0.04 | G111: 13.52 | H111: 0.27664 | I111: 0.6435 | J111: 0.5538 | K111: 0.09776 | L111: 0.0104 | M111: 0.13 | N111: 0.7618 | O111: 0.25 | P111: 0.17 | Q111: 0.73 | R111: 17.1439 | S111: 0.31876154
A112: 1653 | B112: Yvon Bélanger | E112: 12 | F112: 0.04 | G112: 12.48 | H112: 0.25536 | I112: 0.594 | J112: 0.5112 | K112: 0.09024 | L112: 0.0096 | M112: 0.12 | N112: 0.7032 | O112: 0.25 | P112: 0.17 | Q112: 0.73 | R112: 15.9136 | S112: 0.32613333 | V112: moyenne à l'heure | W112: 17.629365
H115: AS.CH | I115: R.R.Q. | J115: F.S.S. | K115: R.Q.A.P | L115: CNT | M115: FORM. | N115: C.S.S.T. | O115: ASS. GR. | P115: VET. | Q115: Congé
...

Sheet Entretien
A1: Total pour le véhicule: 461 | C1: $5,261.77 | E1: 10.8300
A2: Total pour le véhicule: 471 | C2: $4,189.96 | E2: 21.5900
A3: Total pour le véhicule: 475 | C3: $27,735.65 | E3: 213.0200
A4: Total pour le véhicule: 489 | C4: $0.00 | E4: 0.0000
A5: Total pour le véhicule: 490 | C5: $0.00 | E5: 0.0000
A6: Total pour le véhicule: 491 | C6: $0.00 | E6: 0.0000
A7: Total pour le véhicule: 495 | C7: $0.00 | E7: 0.0000
A8: Total pour le véhicule: 484 | C8: $0.00 | E8: 0.0000
A9: Total pour le véhicule: 492 | C9: $4,102.80 | E9: 53.6800
A10: Total pour le véhicule: 494 | C10: $7,551.51 | E10: 13.1000
A11: Total pour le véhicule: 496 | C11: $100.70 | E11: 0.0000
A12: Total pour le véhicule: 497 | C12: $303.56 | E12: 0.0000
... A23: Total pour le véhicule: 521 | C23: $4,534.54 | E23: 26.4100
A26: 523 | B26: CARROSSERI | C26: $194.67 | E26: 2.1600
B27: EXHAUST | C27: $21.00 | E27: 0.0000
B28: Frais acc. | C28: $297.68 | E28: 0.0000
B29: FREINS | C29: $368.31 | E29: 2.3100
B30: HUILE | C30: $291.90 | E30: 0.0000
B31: MAINTENAN | C31: $182.02 | E31: 4.7900
B32: MOTEUR | C32: $1,982.49 | E32: 8.8700
B33: PNEUS | C33: $0.00 | E33: 0.0000
B34: REP_GEN | C34: $1,927.60 | E34: 33.3400
B35: REPEXT | C35: $515.40 | E35: 0.0000
B36: REPEXT_PAR | C36: $224.58 | E36: 0.0000
B37: SYST_REFRO | C37: $137.06 | E37: 0.0000
A41: Total pour le véhicule: 523 | C41: $6,142.71 | E41: 51.4700
A44: 524 | B44: ACC_EXT | C44: $144.02 | E44: 3.7900
A45: Jules Savard Inc.
A46: GILLES BOUCHARD | B46: Coûts des véhicules par catégorie et par code de réparation
A47: 41277.641 | B47: No de vehicule : (1 ==> TEXP - Pour la compagnie: 1 Jules Savard Inc., Période de traitement du: 01-MAR-2012 au: 22-DÉC-2012 | C47: Page : 8
A50: Code du véhicule | B50: Rubrique | C50: Coût | E50: Qté
B53: CARROSSERI | C53: $250.89 | E53: 0.0000
B54: DIFFÉRENTI | C54: $229.95 | E54: 4.3200
B55: Frais acc. | C55: $305.92 | E55: 0.0000
B56: FREINS | C56: $770.28 | E56: 6.6200
B57: HUILE | C57: $414.40 | E57: 0.0000
B58: MAINTENAN | C58: $356.44 | E58: 9.3800
B59: MOTEUR | C59: $1,692.00 | E59: 0.0000
B60: PNEUS | C60: $20.00 | E60: 0.0000
B61: REMORQUAGE | C61: $390.00 | E61: 0.0000
B62: REP_GEN | C62: $2,575.10 | E62: 39.9000
B63: REPEXT | C63: $4,517.75 | E63: 0.0000
B64: ROAD_PNEU | C64: $819.95 | E64: 0.0000
B65: ROAD_SERV | C65: $734.46 | E65: 0.0000
A69: Total pour le véhicule: 524 | C69: $13,221.16 | E69: 64.0100
A72: 525 | B72: CARROSSERI | C72: $0.00 | E72: 0.0000
B73: EXHAUST | C73: $0.00 | E73: 0.0000
B74: Frais acc. | C74: $63.38 | E74: 0.0000
B75: FREINS | C75: $0.00 | E75: 0.0000
B76: HUILE | C76: $96.90 | E76: 0.0000
B77: MAINTENAN | C77: $221.16 | E77: 5.8200
B78: MOTEUR | C78: $109.26 | E78: 0.0000
B79: PNEUS | C79: $0.00 | E79: 0.0000
B80: REP_GEN | C80: $628.94 | E80: 5.7300
B81: REPEXT | C81: $2,127.88 | E81: 0.0000
B82: ROAD_PNEU | C82: $113.50 | E82: 0.0000
B83: ROAD_SERV | C83: $1,932.51 | E83: 0.0000
A87: Total pour le véhicule: 525 | C87: $5,293.53 | E87: 11.5500
A90: 526 | B90: CARROSSERI | C90: $91.58 | E90: 0.0000
B91: DIFFÉRENTI | C91: $282.34 | E91: 7.4300
B92: EXHAUST | C92: $44.73 | E92: 0.0000
B93: Frais acc. | C93: $524.88 | E93: 0.0000
B94: FREINS | C94: $510.61 | E94: 2.1900
B95: HUILE | C95: $390.70 | E95: 0.0000
B96: MAINTENAN | C96: $530.48 | E96: 13.9600
B97: MOTEUR | C97: $1,219.21 | E97: 18.6600
B98: PNEUS | C98: $1,393.68 | E98: 0.0000
B99: REP_GEN | C99: $3,031.94 | E99: 39.7000
B100: REPEXT | C100: $7,891.50 | E100: 0.0000
B101: SYST_REFRO | C101: $1,252.44 | E101: 0.0000
A103: Jules Savard Inc.
A104: GILLES BOUCHARD | B104: Coûts des véhicules par catégorie et par code de réparation
A105: 41277.641 | B105: No de vehicule : (1 ==> TEXP - Pour la compagnie: 1 Jules Savard Inc., Période de traitement du: 01-MAR-2012 au: 22-DÉC-2012 | C105: Page : 9
A108: Code du véhicule | B108: Rubrique | C108: Coût | E108: Qté
A113: Total pour le véhicule: 526 | C113: $17,164.09 | E113: 81.9400
A116: 527 | B116: ACC_EXT | C116: $106.02 | E116: 2.7900
B117: CARROSSERI | C117: $351.04 | E117: 0.0000
B118: DIRECTION | C118: $20.11 | E118: 0.0000
B119: EMBRAYAGE | C119: $20.47 | E119: 0.0000
B120: EXHAUST | C120: $274.12 | E120: 5.0300
B121: Frais acc. | C121: $907.50 | E121: 0.0000
B122: FREINS | C122: $889.79 | E122: 4.6200
B123: HUILE | C123: $398.90 | E123: 0.0000
B124: MAINTENAN | C124: $443.46 | E124: 11.6700
B125: MOTEUR | C125: $1,229.11 | E125: 6.7400
B126: PNEUS | C126: $1,153.12 | E126: 0.0000
B127: REP_GEN | C127: $8,857.88 | E127: 116.0100
B128: REPEXT | C128: $4,527.39 | E128: 0.0000
... B133: TRANSMISSI | C133: $29.59 | E133: 0.0000
A137: Total pour le véhicule: 527 | C137: $20,778.04 | E137: 146.8600
A140: 528 | B140: CARROSSERI | C140: $272.38 | E140: 0.0000
B141: EMBRAYAGE | C141: $76.74 | E141: 0.0000
B142: EXHAUST | C142: $287.68 | E142: 4.9400
B143: Frais acc. | C143: $472.34 | E143: 0.0000
B144: FREINS | C144: $604.70 | E144: 2.9800
B145: HUILE | C145: $297.00 | E145: 0.0000
B146: MAINTENAN | C146: $489.82 | E146: 12.8900
B147: MOTEUR | C147: $2,789.92 | E147: 9.6200
B148: PNEUS | C148: $1,214.00 | E148: 0.0000
B149: REP_GEN | C149: $2,224.19 | E149: 37.5800
...
